 Dungeon Crawl Stone Soup version 0.27-a0-1281-ge233d83751 (webtiles) character file.

Game seed: 1144241674217241465

72 sanka the Skirmisher (level 4, -1/35 HPs)
             Began as a Djinni Artificer on June 13, 2021.
             Slain by an orc (5 damage)
             ... on level 4 of the Dungeon.
             The game lasted 00:03:22 (3469 turns).

sanka the Skirmisher (Djinni Artificer)             Turns: 3469, Time: 00:03:22

Health: -1/35      AC:  3    Str: 11    XL:     4   Next: 48%
Gold:   66         EV: 12    Int: 14    God:
                   SH:  0    Dex: 13

rFire    + + .     SeeInvis +   o - +0 war axe
rCold    x . .     Faith    .   (no shield)
rNeg     . . .     Spirit   .   b - +0 leather armour
rPois    ∞         Reflect  .   (no helmet)
rElec    .         Harm     .   (no cloak)
rCorr    .         Rampage  .   (no gloves)
Will     .....                  (boots unavailable)
Stlth    +.........             (no amulet)
HPRegen  0.11/turn              (no ring)
MPRegen  0.00/turn              i - ring of see invisible

@: flying
A: sickness immunity, fire resistance 2, cold vulnerability 1, float, innate
caster, hp casting, extra vitality 1
a: no special abilities


You were on level 4 of the Dungeon.
You visited 1 branch of the dungeon, and saw 4 of its levels.

You collected 66 gold pieces.


Innate Abilities, Weirdness & Mutations

You are immune to sickness and miasma.
You are immune to poison.
Your flesh is very heat resistant. (rF++)
You are vulnerable to cold. (rC-)
You float through the air rather than walking.
You learn spells naturally, not from books.
Your magical power is your life essence.
You have superior vitality. (+4 HP)


   Skills:
 + Level 3.2 Fighting
 - Level 1.0 Armour
 + Level 2.8 Dodging
 - Level 0.7 Stealth
 + Level 0.9 Spellcasting
 - Level 3.0 Evocations


You had 3 spell levels left.
You knew the following spells:

 Your Spells              Type           Power      Damage    Failure   Level
z - Summon Small Mammal   Summ           12%        N/A       24%         1
Your spell library was empty.

Inventory:

Hand Weapons
 a - a +0 club
 f - a +0 whip
 l - a +0 mace
 o - a +0 war axe (weapon)
Armour
 b - a +0 leather armour (worn)
Jewellery
 i - a ring of see invisible (right hand)
Wands
 c - a wand of flame (15) (quivered)
 d - a wand of charming (15)
Scrolls
 g - a scroll of amnesia {unknown}
 k - 4 scrolls of identify {unknown}
Potions
 h - a potion of mutation {unknown}
 j - 2 potions of degeneration {unknown}
 m - 3 potions of curing {unknown}
 n - a potion of magic {unknown}
 p - 2 potions of flight {unknown}
Miscellaneous
 e - a piece from Xom's chessboard (15/15)

Dungeon Overview and Level Annotations

Branches:
Dungeon (4/15)
 Temple: D:4-7

Altars:

Annotations:
D:3 Ijyb
D:4 2 runed translucent doors, aMcNicky's ghost, amateur DjWz

▒▒▒ g▒ ▒.. ▒
.▒▒ ▒▒▒ ▒.
...▒▒▒ ▒... ▒.
.▒... ▒▒≈≈
▒.▒▒▒...▒ ▒..
▒.▒▒......▒▒▒▒
▒.▒.
▒.....h.......
▒▒▒.
▒...o.RS.g....
▒▒
▒..▒.oo>......
.............
▒..▒.▒▒.......
▒. ▒. ......>
▒ ▒. ....... ▒
....... ▒
▒.▒▒▒.. ▒ ▒


You could see a hound, 3 orcs, 2 hobgoblins and a ball python.


Message History

The orc hits you from afar with a +0 trident.
You miss the hound.
The hobgoblin shouts!
You slash the quokka!
You kill the quokka!
The hound closely misses you. The hound bites you.
The orc hits you from afar with a +0 trident.
* * * LOW HITPOINT WARNING * * *
The hobgoblin throws a stone.
The stone hits you.
* * * LOW HITPOINT WARNING * * *
The ball python closely misses you. The ball python completely misses you.
You closely miss the hound. You hit the orc but do no damage.
You barely miss the ball python. The hound bites you.
* * * LOW HITPOINT WARNING * * *
The orc hits you with a +0 club.
* * * LOW HITPOINT WARNING * * *
The hound barely misses you.
The orc hits you from afar with a +0 trident.
* * * LOW HITPOINT WARNING * * *
The hobgoblin throws a stone.
The stone barely misses you. The ball python completely misses you.
The ball python barely misses you. The orc hits you with a +0 club.
You die...

Action                   |  1- 3 |  4- 6 || total
-------------------------+-------+-------++-------
Melee: Club              |    67 |       ||    67
       Whip              |    29 |       ||    29
       Mace              |    69 |     8 ||    77
       War axe           |       |    14 ||    14
 Stab: Sleeping          |     1 |     1 ||     2
Armor: Leather armour    |    47 |     7 ||    54
Dodge: Dodged            |   100 |    25 ||   125

Levels and vault maps discovered:
D:1:      shiori_arrival_whats_in_store_for_you, layout_rooms,
          hellmonk_ecumenical_altar_arch_garden, minmay_tetromino_t2
D:2:      layout_loops_cross, serial_glass, glass_columns_a, glass_columns_b,
          due_unseen_surprise, feat_on_display
D:3:      layout_rooms, minmay_misc_feat_more_columns, minmay_fountain_box,
          uniq_ijyb
D:4:      layout_loops_ring, ebering_ghost_disaster_area

Notes
Turn   | Place    | Note
-------+----------+-------------------------------------------
     0 | D:1      | sanka the Djinni Artificer began the quest for the Orb.
     0 | D:1      | Reached XP level 1. HP: 17/17 MP: 0/0
     0 | D:1      | Noticed a naga
     1 | D:1      | Noticed a felid
     2 | D:1      | Noticed a draconian
     4 | D:1      | Noticed an ogre
     8 | D:1      | Noticed a ghoul
     9 | D:1      | Noticed an elf
    11 | D:1      | Noticed a naga
    13 | D:1      | Noticed an ogre
    13 | D:1      | Noticed a ghoul
    15 | D:1      | Noticed a formicid
    15 | D:1      | Noticed a ghoul
    15 | D:1      | Noticed a human
    17 | D:1      | Noticed a gargoyle
    17 | D:1      | Noticed a draconian
    19 | D:1      | Noticed an elf
    21 | D:1      | Noticed a vine stalker
   536 | D:1      | Reached XP level 2. HP: 21/23 MP: 0/0
   567 | D:1      | Reached skill level 2 in Fighting
  1273 | D:1      | Found a faded altar of an unknown god.
  1313 | D:1      | Reached XP level 3. HP: 27/29 MP: 0/0
  1313 | D:1      | Learned a level 1 spell: Summon Small Mammal
  2058 | D:2      | Reached skill level 3 in Fighting
  2443 | D:2      | Reached XP level 4. HP: 14/35 MP: 0/0
  3167 | D:3      | Noticed Ijyb
  3364 | D:4      | Found a large runed translucent door.
  3364 | D:4      | Found a large runed translucent door.
  3366 | D:4      | Noticed aMcNicky's ghost (amateur DjWz)
  3443 | D:4      | Noticed a phantom
  3469 | D:4      | Slain by an orc

Vanquished Creatures
  2 adders
  2 worms
  A dart slug (D:1)
  2 orcs (D:4)
  6 bats
  4 endoplasms
  3 giant cockroaches
  2 goblins
  4 hobgoblins
  A quokka (D:4)
  2 ball pythons (D:1)
  A frilled lizard (D:1)
  7 kobolds
  5 rats
42 creatures vanquished.
